[Event "Memorial Zita 2019"]
[Site "Prague"]
[Date "2019.06.23"]
[Round "2.1"]
[White "Netusil, Miloslav"]
[Black "Kiss, Pal"]
[Result "0-1"]
[ECO "B30"]
[WhiteElo "2189"]
[BlackElo "2278"]
[Annotator "ChessBase"]
[PlyCount "138"]
[EventDate "2019.06.23"]
[EventType "tourn"]
[EventCountry "CZE"]
[SourceTitle "playchess.com"]
[Source "ChessBase"]
[SourceQuality "1"]
[TimeControl "5400+30"]

1. e4 c5 2. Nf3 Nc6 3. b4 cxb4 4. d4 d5 5. exd5 Qxd5 6. c4 bxc3 7. Nxc3 Qa5 8. Bd2 e6 9. Bc4 Bb4 10. Qb3 Nf6 11. O-O O-O 12. a3 Bxc3 13. Bxc3 Qd8 14. Rad1 Na5 15. Bxa5 Qxa5 16. Ne5 Rd8 17. Rfe1 Qb6 18. Qf3 Bd7 19. g4 Be8 20. g5 Nd7 21. Ng4 Qc6 22. Qd3 Rac8 23. Bb5 Qc2 24. Qg3 Qf5 25. d5 Qxg5 26. h4 Qe7 27. Re3 Kh8 28. Rde1 Nf8 29. Bxe8 Qxe8 30. dxe6 fxe6 31. Ne5 Qh5 32. Qf4 Rd1 33. Kh2 Rxe1 34. Rxe1 Ng6 35. Nxg6+ Qxg6 36. Rc1 Qe8 37. Re1 Qc6 38. Re5 b6 39. Qe3 Qd6 40. Kg2 Rc6 41. Qf4 h6 42. Qe3 Qe7 43. Qe4 Rd6 44. Qa8+ Kh7 45. Qe4+ Kh8 46. Qa8+ Kh7 47. Qe4+ Kg8 48. Qa8+ Rd8 49. Qe4 Re8 50. a4 Qf6 51. h5 Rf8 52. Qe3 Qf4 53. Qe2 Qxa4 54. Rxe6 Qf4 55. Re7 Ra8 56. Kf1 a5 57. Qe6+ Kh8 58. Rf7 Qc1+ 59. Kg2 Qg5+ 60. Kf1 Qxh5 61. Rd7 Qb5+ 62. Kg1 Qg5+ 63. Kf1 Qb5+ 64. Kg1 a4 65. Rc7 Qb1+ 66. Kh2 Rf8 67. Kg2 a3 68. Qg4 Qb2 69. Kh3 a2 0-1

[Event "Memorial Zita 2019"]
[Site "Prague"]
[Date "2019.06.23"]
[Round "2.2"]
[White "Novy, Filip"]
[Black "Fedorov, Evgueny"]
[Result "1-0"]
[ECO "C26"]
[WhiteElo "2170"]
[BlackElo "2250"]
[Annotator "NA"]
[PlyCount "33"]
[EventDate "2019.06.23"]
[EventType "tourn"]
[EventCountry "CZE"]
[SourceTitle "playchess.com"]
[Source "ChessBase"]
[SourceQuality "1"]
[TimeControl "5400+30"]

1. e4 Nf6 2. Nc3 d5 3. exd5 Nxd5 4. g3 e5 5. Bg2 Be6 6. Nge2 c5 7. O-O Nc6 8. f4 exf4 9. Bxd5 Bxd5 10. Nxf4 Bc4 11. d3 Ba6 12. Nfd5 Be7 13. Qg4 Kf8 14. Bh6 Rg8 15. Qh5 Ne5 16. Rae1 gxh6 17. Rxe5 1-0

[Event "Memorial Zita 2019"]
[Site "Prague"]
[Date "2019.06.23"]
[Round "2.3"]
[White "Vokoun, Jan"]
[Black "Trickov, Vasil"]
[Result "1/2-1/2"]
[ECO "B21"]
[WhiteElo "2072"]
[BlackElo "2319"]
[Annotator "NA"]
[PlyCount "73"]
[EventDate "2019.06.23"]
[EventType "tourn"]
[EventCountry "CZE"]
[SourceTitle "playchess.com"]
[Source "ChessBase"]
[SourceQuality "1"]
[TimeControl "5400+30"]

1. e4 c5 2. Be2 d6 3. f4 Nc6 4. Nf3 g6 5. O-O Bg7 6. c3 Bg4 7. Na3 e6 8. Qe1 Nge7 9. Qh4 Bxf3 10. Rxf3 a6 11. Nc2 b5 12. a3 f5 13. exf5 Nxf5 14. Qe1 O-O 15. a4 Qb6 16. g4 Nfe7 17. Bf1 c4+ 18. Kg2 e5 19. axb5 axb5 20. Rxa8 Rxa8 21. d3 d5 22. Rf2 Rf8 23. dxc4 bxc4 24. Qd1 exf4 25. Bxf4 Be5 26. Be3 Qxb2 27. Nd4 Rxf2+ 28. Bxf2 Nxd4 29. cxd4 Bf6 30. Kg1 Nc6 31. Qf3 Bxd4 32. Qxd5+ Kf8 33. Bxd4 Qxd4+ 34. Qxd4 Nxd4 35. Bxc4 Nf3+ 36. Kg2 Ne5 37. Be2 1/2-1/2

[Event "Memorial Zita 2019"]
[Site "Prague"]
[Date "2019.06.23"]
[Round "2.4"]
[White "Frolov, Artur"]
[Black "Neckar, Lubomir"]
[Result "1-0"]
[ECO "B04"]
[WhiteElo "2453"]
[BlackElo "2285"]
[Annotator "RC"]
[PlyCount "63"]
[EventDate "2019.06.23"]
[EventType "tourn"]
[EventCountry "CZE"]
[SourceTitle "playchess.com"]
[Source "ChessBase"]
[SourceQuality "1"]
[TimeControl "5400+30"]

1. e4 Nf6 2. e5 Nd5 3. d4 d6 4. Nf3 dxe5 5. Nxe5 c6 6. Nd2 g6 7. Ndc4 Bg7 8. Be2 O-O 9. O-O Qc7 10. Bf3 Rd8 11. Qe2 Be6 12. Rd1 Nd7 13. Nxd7 Rxd7 14. Ne5 Rdd8 15. c4 Nb6 16. b3 Rxd4 17. Rxd4 Bxe5 18. Bb2 Bxd4 19. Bxd4 Rd8 20. Bc5 Nc8 21. h4 b6 22. Bb4 c5 23. Bc3 Qf4 24. g3 Qf5 25. Re1 h5 26. Be4 Qg4 27. Qe3 Kh7 28. Bd2 Bf5 29. Qh6+ Kg8 30. Bc3 f6 31. Bxf6 exf6 32. Bd5+ 1-0

[Event "Memorial Zita 2019"]
[Site "Prague"]
[Date "2019.06.23"]
[Round "2.5"]
[White "Semenova, Elena"]
[Black "Pribylova, Sofie"]
[Result "1-0"]
[ECO "B20"]
[WhiteElo "2255"]
[BlackElo "2069"]
[Annotator "NA"]
[PlyCount "63"]
[EventDate "2019.06.23"]
[EventType "tourn"]
[EventCountry "CZE"]
[SourceTitle "playchess.com"]
[Source "ChessBase"]
[SourceQuality "1"]
[TimeControl "5400+30"]

1. e4 c5 2. Ne2 d6 3. g3 g6 4. Bg2 Bg7 5. c3 e6 6. d4 Qc7 7. Na3 Ne7 8. dxc5 Qxc5 9. Be3 Qc6 10. Nd4 Bxd4 11. cxd4 O-O 12. O-O Qd7 13. Nc4 Nbc6 14. Bh6 Rd8 15. Ne3 e5 16. Qf3 f5 17. dxe5 Nxe5 18. Qd1 Nf7 19. Nd5 Nxd5 20. Qxd5 fxe4 21. Bf4 Qg4 22. Qxe4 d5 23. Qd4 Ng5 24. Qf6 Ne6 25. Be5 Qh5 26. Rac1 Rf8 27. Rxc8 Rfxc8 28. Qxe6+ Kf8 29. Qf6+ Ke8 30. Bxd5 Qf5 31. Bf7+ Kd7 32. Qd6# 1-0

[Event "Memorial Zita 2019"]
[Site "Prague"]
[Date "2019.06.23"]
[Round "3.1"]
[White "Pribylova, Sofie"]
[Black "Netusil, Miloslav"]
[Result "0-1"]
[ECO "D02"]
[WhiteElo "2069"]
[BlackElo "2189"]
[Annotator "NA"]
[PlyCount "94"]
[EventDate "2019.06.23"]
[EventType "tourn"]
[EventCountry "CZE"]
[SourceTitle "playchess.com"]
[Source "ChessBase"]
[SourceQuality "1"]
[TimeControl "5400+30"]

1. d4 d5 2. Bf4 Bf5 3. e3 e6 4. Nf3 Bd6 5. Bxd6 Qxd6 6. a3 Nd7 7. Bd3 Bxd3 8. Qxd3 Ngf6 9. O-O O-O 10. c4 c6 11. Nc3 Rfe8 12. Rfd1 e5 13. dxe5 Nxe5 14. Nxe5 Qxe5 15. h3 Rad8 16. cxd5 Nxd5 17. e4 Nxc3 18. Qxc3 Qxe4 19. Rxd8 Rxd8 20. Re1 Qd5 21. Re5 Qd1+ 22. Re1 Qd6 23. b4 b6 24. Qe3 Kf8 25. Qe4 h6 26. Qh7 f6 27. Re3 Qd5 28. Rg3 Qf7 29. Rc3 Rd6 30. Re3 Rd8 31. Rc3 Rc8 32. Qf5 Qc7 33. Rd3 Rd8 34. Rg3 Rd1+ 35. Kh2 Rd5 36. Qh7 Rg5 37. h4 Rxg3 38. fxg3 c5 39. Qc2 c4 40. b5 c3 41. a4 Qc5 42. Qd3 c2 43. Qd8+ Kf7 44. Qd7+ Kg8 45. Qe8+ Kh7 46. h5 c1=Q 47. Qg6+ Kg8 0-1

[Event "Memorial Zita 2019"]
[Site "Prague"]
[Date "2019.06.23"]
[Round "3.2"]
[White "Neckar, Lubomir"]
[Black "Semenova, Elena"]
[Result "0-1"]
[ECO "D02"]
[WhiteElo "2285"]
[BlackElo "2255"]
[Annotator "ChessBase"]
[PlyCount "46"]
[EventDate "2019.06.23"]
[EventType "tourn"]
[EventCountry "CZE"]
[SourceTitle "playchess.com"]
[Source "ChessBase"]
[SourceQuality "1"]
[TimeControl "5400+30"]

1. Nf3 d5 2. g3 Nd7 3. d4 b5 4. Bg2 Bb7 5. O-O e6 6. b3 Ngf6 7. Bb2 Be7 8. Nbd2 Rb8 9. e3 O-O 10. Qe2 Qc8 11. Ne5 Re8 12. Rfd1 c5 13. dxc5 Bxc5 14. Qxb5 Bd6 15. Nxd7 Nxd7 16. c3 Ba6 17. Qa5 Nc5 18. Bf1 Nd3 19. Bxd3 Bxd3 20. Qa4 e5 21. Nf3 Be2 22. Rxd5 Bxf3 23. Rxd6 Qh3 0-1

[Event "Memorial Zita 2019"]
[Site "Prague"]
[Date "2019.06.23"]
[Round "3.4"]
[White "Fedorov, Evgueny"]
[Black "Vokoun, Jan"]
[Result "1-0"]
[ECO "B41"]
[WhiteElo "2250"]
[BlackElo "2072"]
[Annotator "ChessBase"]
[PlyCount "105"]
[EventDate "2019.06.23"]
[EventType "tourn"]
[EventCountry "CZE"]
[SourceTitle "playchess.com"]
[Source "ChessBase"]
[SourceQuality "1"]
[TimeControl "5400+30"]

1. e4 c5 2. Nf3 a6 3. c4 e6 4. Nc3 Qc7 5. d4 cxd4 6. Nxd4 Nf6 7. f4 Bb4 8. Bd3 d6 9. Qa4+ Nc6 10. Nxc6 Bxc3+ 11. bxc3 Bd7 12. Qc2 Bxc6 13. O-O Nd7 14. Be3 Qa5 15. Rae1 e5 16. Rf3 exf4 17. Bxf4 Ne5 18. Rg3 g6 19. Bg5 Rc8 20. Bf6 Rf8 21. Bg5 h6 22. Bf6 Bd7 23. Be2 Be6 24. Qd2 Qc5+ 25. Qd4 Bxc4 26. Bg4 Nxg4 27. Rxg4 Bxa2 28. Rd1 Be6 29. Qxc5 dxc5 30. Rg3 c4 31. Re3 Bd7 32. Ree1 Rc6 33. e5 g5 34. Re4 Rg8 35. Red4 Rc7 36. e6 fxe6 37. Be5 Rc5 38. Rxd7 Rxe5 39. Rd8+ Kf7 40. R1d7+ Kf6 41. Rxg8 Re3 42. Rxb7 Rxc3 43. Ra7 Ra3 44. Rc8 c3 45. Rac7 Ra1+ 46. Kf2 Ra2+ 47. Kg3 h5 48. h3 e5 49. Rxc3 h4+ 50. Kf3 e4+ 51. Kxe4 Rxg2 52. R8c6+ Kg7 53. Rxa6 1-0

[Event "Memorial Zita 2019"]
[Site "Prague"]
[Date "2019.06.23"]
[Round "3.5"]
[White "Kiss, Pal"]
[Black "Novy, Filip"]
[Result "0-1"]
[ECO "E95"]
[WhiteElo "2278"]
[BlackElo "2170"]
[Annotator "ChessBase"]
[PlyCount "106"]
[EventDate "2019.06.23"]
[EventType "tourn"]
[EventCountry "CZE"]
[SourceTitle "playchess.com"]
[Source "ChessBase"]
[SourceQuality "1"]
[TimeControl "5400+30"]

1. Nf3 Nf6 2. c4 g6 3. Nc3 Bg7 4. d4 O-O 5. e4 d6 6. Be2 Na6 7. O-O e5 8. Re1 exd4 9. Nxd4 Nc5 10. f3 a5 11. Ndb5 b6 12. Be3 Nfd7 13. Qd2 Bb7 14. Bf1 Re8 15. Rad1 Rc8 16. Bd4 h5 17. b3 Bxd4+ 18. Qxd4 Ne5 19. Qf2 Kh7 20. Be2 Qf6 21. Nd5 Bxd5 22. cxd5 g5 23. Nd4 g4 24. Nf5 gxf3 25. gxf3 Rg8+ 26. Kh1 Ng6 27. Qd4 Qxd4 28. Nxd4 Nf4 29. Rg1 f5 30. Rxg8 Rxg8 31. exf5 Nh3 32. Rf1 Kg7 33. Kg2 Nf4+ 34. Kg3 Nxe2+ 35. Nxe2 Kf6+ 36. Kf4 Re8 37. Nc3 Nd3+ 38. Kg3 Rg8+ 39. Kh4 Rg2 40. Kxh5 Rxh2+ 41. Kg4 Rg2+ 42. Kh4 Kxf5 43. Ne4 Kf4 44. Kh5 Rxa2 45. Kg6 Rb2 46. Rd1 Ne5+ 47. Kf6 Rxb3 48. Rc1 Rxf3 49. Ng5 Ng4+ 50. Kg6 Rg3 51. Ne6+ Ke5 52. Nxc7 Ne3+ 53. Kf7 Nxd5 0-1

[Event "Memorial Zita 2019"]
[Site "Prague"]
[Date "2019.06.24"]
[Round "4.1"]
[White "Netusil, Miloslav"]
[Black "Novy, Filip"]
[Result "0-1"]
[ECO "A47"]
[WhiteElo "2189"]
[BlackElo "2170"]
[Annotator "NA"]
[PlyCount "54"]
[EventDate "2019.06.23"]
[EventType "tourn"]
[EventCountry "CZE"]
[SourceTitle "playchess.com"]
[Source "ChessBase"]
[SourceQuality "1"]
[TimeControl "5400+30"]

1. d4 Nf6 2. Nf3 e6 3. Bf4 c5 4. e3 Nc6 5. c3 Be7 6. h3 O-O 7. Nbd2 b6 8. Bd3 Bb7 9. Bh2 d5 10. O-O Re8 11. Qe2 Nd7 12. Rad1 Bf6 13. e4 cxd4 14. e5 dxc3 15. exf6 cxd2 16. fxg7 e5 17. Bf5 Nc5 18. Qxd2 Qf6 19. Bb1 e4 20. Nd4 Nxd4 21. Qxd4 Qxd4 22. Rxd4 Kxg7 23. f3 f5 24. g4 Ne6 25. Rdd1 Ng5 26. fxe4 fxe4 27. Rf5 Nf3+ 0-1

[Event "Memorial Zita 2019"]
[Site "Prague"]
[Date "2019.06.24"]
[Round "4.2"]
[White "Vokoun, Jan"]
[Black "Kiss, Pal"]
[Result "1/2-1/2"]
[ECO "B21"]
[WhiteElo "2072"]
[BlackElo "2278"]
[Annotator "NA"]
[PlyCount "50"]
[EventDate "2019.06.23"]
[EventType "tourn"]
[EventCountry "CZE"]
[SourceTitle "playchess.com"]
[Source "ChessBase"]
[SourceQuality "1"]
[TimeControl "5400+30"]

1. e4 c5 2. f4 d5 3. exd5 Nf6 4. Bb5+ Bd7 5. Bxd7+ Qxd7 6. c4 e6 7. Qe2 Bd6 8. dxe6 fxe6 9. d3 O-O 10. Nf3 Nc6 11. Nc3 e5 12. f5 Nd4 13. Qd1 Qxf5 14. O-O Qh5 15. Ng5 Qxd1 16. Rxd1 Rad8 17. Rb1 h6 18. Nge4 Nxe4 19. Nxe4 Ne2+ 20. Kh1 Be7 21. Be3 b6 22. Rd2 Nf4 23. Rbd1 Rd7 24. g3 Ne6 25. Kg2 Rfd8 1/2-1/2

[Event "Memorial Zita 2019"]
[Site "Prague"]
[Date "2019.06.24"]
[Round "4.3"]
[White "Frolov, Artur"]
[Black "Fedorov, Evgueny"]
[Result "1/2-1/2"]
[ECO "C42"]
[WhiteElo "2453"]
[BlackElo "2250"]
[Annotator "ChessBase"]
[PlyCount "101"]
[EventDate "2019.06.23"]
[EventType "tourn"]
[EventCountry "CZE"]
[SourceTitle "playchess.com"]
[Source "ChessBase"]
[SourceQuality "1"]
[TimeControl "5400+30"]

1. e4 e5 2. Nf3 Nf6 3. Nxe5 d6 4. Nf3 Nxe4 5. d4 d5 6. Bd3 Nc6 7. O-O Be7 8. c4 Nb4 9. Be2 O-O 10. Nc3 Bf5 11. a3 Nxc3 12. bxc3 Nc6 13. Re1 Re8 14. Bf4 dxc4 15. Bxc4 Bd6 16. Qd2 Qd7 17. Bxd6 cxd6 18. Nh4 Be4 19. f3 Bg6 20. Nxg6 hxg6 21. Qg5 Rxe1+ 22. Rxe1 Re8 23. Re4 Rxe4 24. fxe4 Nd8 25. h4 Qc7 26. Bd5 Kh7 27. Kh2 Qd7 28. Qf4 Qe7 29. Kh3 Qd7+ 30. g4 Qc7 31. Qf3 Ne6 32. g5 Qc8 33. Kg3 Qc7 34. Bxe6 fxe6 35. h5 gxh5 36. Qxh5+ Kg8 37. Qe8+ Kh7 38. Qh5+ Kg8 39. Qf3 Qe7 40. Kg4 Qe8 41. Qf4 Qc6 42. g6 Qe8 43. Qxd6 Qxg6+ 44. Kf3 Qh5+ 45. Ke3 Qh3+ 46. Kf2 Qh4+ 47. Kf3 Qh1+ 48. Ke3 Qh3+ 49. Kf2 Qh4+ 50. Kf3 Qh1+ 51. Ke3 1/2-1/2

[Event "Memorial Zita 2019"]
[Site "Prague"]
[Date "2019.06.24"]
[Round "4.4"]
[White "Semenova, Elena"]
[Black "Trickov, Vasil"]
[Result "1/2-1/2"]
[ECO "B53"]
[WhiteElo "2255"]
[BlackElo "2319"]
[Annotator "NA"]
[PlyCount "80"]
[EventDate "2019.06.23"]
[EventType "tourn"]
[EventCountry "CZE"]
[SourceTitle "playchess.com"]
[Source "ChessBase"]
[SourceQuality "1"]
[TimeControl "5400+30"]

1. e4 c5 2. Nf3 d6 3. d4 Nf6 4. Bb5+ Bd7 5. Bxd7+ Qxd7 6. dxc5 Nxe4 7. cxd6 Nc6 8. dxe7 Qxd1+ 9. Kxd1 Bxe7 10. Be3 f5 11. Nbd2 O-O-O 12. c3 g5 13. Kc2 g4 14. Nd4 Nxd2 15. Nxc6 bxc6 16. Bxd2 Bc5 17. Rhf1 h5 18. Rae1 Bd6 19. Re6 Kd7 20. Rfe1 Bxh2 21. Re7+ Kc8 22. g3 h4 23. Bf4 Rd7 24. Rxd7 Kxd7 25. Rh1 hxg3 26. fxg3 Rh3 27. Kd3 Ke6 28. Ke2 Bxg3 29. Rxh3 Bxf4 30. Rh7 Bd6 31. Rxa7 f4 32. Ra5 c5 33. Ra6 Kd5 34. a4 c4 35. a5 f3+ 36. Kf2 Bc5+ 37. Kg3 Bd6+ 38. Kf2 Bc5+ 39. Kg3 Bd6+ 40. Kf2 Bc5+ 1/2-1/2

[Event "Memorial Zita 2019"]
[Site "Prague"]
[Date "2019.06.24"]
[Round "4.5"]
[White "Pribylova, Sofie"]
[Black "Neckar, Lubomir"]
[Result "0-1"]
[ECO "B02"]
[WhiteElo "2069"]
[BlackElo "2285"]
[Annotator "NA"]
[PlyCount "82"]
[EventDate "2019.06.23"]
[EventType "tourn"]
[EventCountry "CZE"]
[SourceTitle "playchess.com"]
[Source "ChessBase"]
[SourceQuality "1"]
[TimeControl "5400+30"]

1. e4 Nf6 2. e5 Nd5 3. c4 Nb6 4. a4 d6 5. a5 N6d7 6. exd6 cxd6 7. d4 g6 8. Nf3 Bg7 9. Nc3 O-O 10. Ra3 e5 11. Be2 Nc6 12. dxe5 dxe5 13. Bg5 f6 14. Be3 Kh8 15. O-O f5 16. Bg5 Qe8 17. Nd5 Rb8 18. b4 e4 19. Ne1 Nde5 20. b5 Nd4 21. Be7 Be6 22. Bxf8 Qxf8 23. Ra2 Qc5 24. Rd2 Nxe2+ 25. Rxe2 Nxc4 26. Nf4 Bg8 27. Nc2 Qxb5 28. Nd4 Qe5 29. Nfe6 Bxe6 30. Nxe6 Qxe6 31. Qa4 Qc6 32. Qb4 Ne5 33. h4 h5 34. Qd2 Nd3 35. f3 Rd8 36. Qg5 Re8 37. fxe4 fxe4 38. Rf7 Qc5+ 39. Qxc5 Nxc5 40. Rc7 Be5 41. Rd7 Nxd7 0-1

[Event "Memorial Zita 2019"]
[Site "Prague"]
[Date "2019.06.25"]
[Round "5.1"]
[White "Neckar, Lubomir"]
[Black "Netusil, Miloslav"]
[Result "1/2-1/2"]
[ECO "A11"]
[WhiteElo "2285"]
[BlackElo "2189"]
[Annotator "NA"]
[PlyCount "117"]
[EventDate "2019.06.23"]
[EventType "tourn"]
[EventCountry "CZE"]
[SourceTitle "playchess.com"]
[Source "ChessBase"]
[SourceQuality "1"]
[TimeControl "5400+30"]

1. Nf3 d5 2. g3 Bg4 3. Bg2 Nd7 4. c4 c6 5. cxd5 cxd5 6. Nc3 e6 7. Qa4 Bxf3 8. Bxf3 Ngf6 9. e4 dxe4 10. Nxe4 Nxe4 11. Bxe4 Be7 12. Bxb7 O-O 13. Qc2 Nc5 14. Bxa8 Nd3+ 15. Ke2 Qxa8 16. Qxd3 Qxh1 17. b3 Qxh2 18. Bb2 Rd8 19. Qf3 Qh6 20. Bc3 e5 21. Kf1 Qh3+ 22. Kg1 f6 23. b4 Qe6 24. Qe4 Rd5 25. a4 f5 26. Qe3 a6 27. Re1 Bf6 28. Rb1 Qc6 29. Qa7 f4 30. b5 axb5 31. axb5 Rxb5 32. Rxb5 Qxb5 33. gxf4 exf4 34. Bxf6 gxf6 35. Qa8+ Kg7 36. Qe4 Qe5 37. Qb7+ Kg6 38. Kg2 Qd4 39. Kf3 Qxd2 40. Qe4+ Kg5 41. Qxh7 Qd1+ 42. Kg2 Qh5 43. Qg7+ Qg6 44. Qb7 Kh4+ 45. Kf1 Qd3+ 46. Kg2 Qh3+ 47. Kg1 Qg4+ 48. Kh2 f5 49. Qe7+ Qg5 50. Qxg5+ Kxg5 51. Kg2 Kf6 52. Kf3 Ke5 53. Ke2 Ke4 54. f3+ Ke5 55. Ke1 Kf6 56. Kf2 Kf7 57. Kf1 Ke7 58. Ke1 Kd6 59. Kd2 1/2-1/2

[Event "Memorial Zita 2019"]
[Site "Prague"]
[Date "2019.06.25"]
[Round "5.2"]
[White "Trickov, Vasil"]
[Black "Pribylova, Sofie"]
[Result "1/2-1/2"]
[ECO "A31"]
[WhiteElo "2319"]
[BlackElo "2069"]
[Annotator "NA"]
[PlyCount "99"]
[EventDate "2019.06.23"]
[EventType "tourn"]
[EventCountry "CZE"]
[SourceTitle "playchess.com"]
[Source "ChessBase"]
[SourceQuality "1"]
[TimeControl "5400+30"]

1. d4 Nf6 2. Nf3 c5 3. c4 cxd4 4. Nxd4 e5 5. Nb5 d5 6. cxd5 Bc5 7. e3 O-O 8. N5c3 e4 9. a3 a5 10. Nd2 Qe7 11. Qc2 Bf5 12. Nb3 Bd6 13. f4 h6 14. Nd4 Bg6 15. Be2 Rd8 16. Ndb5 Bc5 17. Qb3 Nbd7 18. O-O Nb6 19. Rd1 a4 20. Qa2 Rd7 21. b4 axb3 22. Qxb3 Rad8 23. d6 Bxd6 24. Nxd6 Rxd6 25. Rxd6 Qxd6 26. Rb1 Nbd5 27. Nxd5 Nxd5 28. Bb2 f6 29. Bc4 Bf7 30. Rd1 Qc6 31. Rd4 f5 32. Rd1 Be6 33. Be5 Qc5 34. h3 Rd7 35. Bd4 Qc7 36. Bxg7 Kxg7 37. Bxd5 Bxd5 38. Rxd5 Qc1+ 39. Kf2 Rc7 40. Kg3 Kh7 41. Kh2 Rg7 42. Rd1 Qc6 43. Rd2 Qg6 44. Kh1 Qg3 45. Qc3 Qe1+ 46. Kh2 Qg3+ 47. Kg1 Qe1+ 48. Kh2 Qg3+ 49. Kg1 Qe1+ 50. Kh2 1/2-1/2

[Event "Memorial Zita 2019"]
[Site "Prague"]
[Date "2019.06.25"]
[Round "5.3"]
[White "Fedorov, Evgueny"]
[Black "Semenova, Elena"]
[Result "1-0"]
[ECO "C88"]
[WhiteElo "2250"]
[BlackElo "2255"]
[Annotator "NA"]
[PlyCount "99"]
[EventDate "2019.06.23"]
[EventType "tourn"]
[EventCountry "CZE"]
[SourceTitle "playchess.com"]
[Source "ChessBase"]
[SourceQuality "1"]
[TimeControl "5400+30"]

1. e4 e5 2. Nf3 Nc6 3. Bb5 a6 4. Ba4 Nf6 5. O-O Be7 6. Re1 b5 7. Bb3 O-O 8. a4 b4 9. a5 d5 10. exd5 e4 11. dxc6 exf3 12. d4 fxg2 13. Bf4 Bg4 14. Qd3 Nh5 15. Be5 Bf6 16. Nd2 Bxe5 17. Rxe5 Nf4 18. Qe3 Ng6 19. Rd5 Qf6 20. Ne4 Qf3 21. Ng5 Qxe3 22. fxe3 h6 23. h3 Be2 24. Kf2 Bb5 25. Nf3 Bxc6 26. Rc5 Bxf3 27. Kxf3 Nh4+ 28. Kg3 g5 29. Rxc7 Rae8 30. Kf2 Kg7 31. Bd5 Rc8 32. Rxc8 Rxc8 33. Rc1 Rb8 34. Bxg2 Rb5 35. Bc6 Rxa5 36. Ke2 Kf6 37. c4 Ra2 38. Rc2 b3 39. Rd2 Nf5 40. c5 Ne7 41. Bb7 Ra5 42. Kd3 Ke6 43. Kc4 Kd7 44. d5 Ng6 45. d6 Ne5+ 46. Kd5 f6 47. Rd1 h5 48. Rf1 Nd3 49. Rxf6 Nxc5 50. Bc6+ 1-0

[Event "Memorial Zita 2019"]
[Site "Prague"]
[Date "2019.06.25"]
[Round "5.4"]
[White "Kiss, Pal"]
[Black "Frolov, Artur"]
[Result "1/2-1/2"]
[ECO "E92"]
[WhiteElo "2278"]
[BlackElo "2453"]
[Annotator "ChessBase"]
[PlyCount "21"]
[EventDate "2019.06.23"]
[EventType "tourn"]
[EventCountry "CZE"]
[SourceTitle "playchess.com"]
[Source "ChessBase"]
[SourceQuality "1"]
[TimeControl "5400+30"]

1. d4 Nf6 2. c4 g6 3. Nc3 Bg7 4. e4 d6 5. Nf3 O-O 6. Be2 e5 7. dxe5 dxe5 8. Qxd8 Rxd8 9. Nd5 Nxd5 10. cxd5 c6 11. Bc4 1/2-1/2

[Event "Memorial Zita 2019"]
[Site "Prague"]
[Date "2019.06.25"]
[Round "5.5"]
[White "Novy, Filip"]
[Black "Vokoun, Jan"]
[Result "1-0"]
[ECO "C41"]
[WhiteElo "2170"]
[BlackElo "2072"]
[Annotator "NA"]
[PlyCount "57"]
[EventDate "2019.06.23"]
[EventType "tourn"]
[EventCountry "CZE"]
[SourceTitle "playchess.com"]
[Source "ChessBase"]
[SourceQuality "1"]
[TimeControl "5400+30"]

1. e4 d6 2. d4 Nf6 3. Nc3 e5 4. Nf3 Nbd7 5. g4 Nxg4 6. Rg1 exd4 7. Nxd4 Nde5 8. h3 Nf6 9. f4 Ned7 10. Qe2 Nc5 11. Bd2 c6 12. O-O-O Qc7 13. e5 dxe5 14. fxe5 Nd5 15. Nxd5 cxd5 16. Nb5 Qc6 17. Bg2 Be6 18. Ba5 b6 19. Rxd5 Bxd5 20. Bxd5 Qc8 21. Qf3 Nd3+ 22. Qxd3 Qc5 23. Rd1 O-O-O 24. Be6+ fxe6 25. Qxd8+ Kb7 26. Rd7+ Ka6 27. Rxa7+ Kxb5 28. Qd7+ Qc6 29. a4+ 1-0

[Event "Memorial Zita 2019"]
[Site "Prague"]
[Date "2019.06.26"]
[Round "6.1"]
[White "Netusil, Miloslav"]
[Black "Vokoun, Jan"]
[Result "1/2-1/2"]
[ECO "D75"]
[WhiteElo "2189"]
[BlackElo "2072"]
[Annotator "NA"]
[PlyCount "65"]
[EventDate "2019.06.23"]
[EventType "tourn"]
[EventCountry "CZE"]
[SourceTitle "playchess.com"]
[Source "ChessBase"]
[SourceQuality "1"]
[TimeControl "5400+30"]

1. d4 Nf6 2. Nf3 g6 3. c4 Bg7 4. Nc3 d5 5. cxd5 Nxd5 6. g3 c5 7. Bg2 cxd4 8. Nxd4 Nxc3 9. bxc3 Nd7 10. O-O O-O 11. Rb1 Rb8 12. Ba3 a6 13. Qc1 Re8 14. Rd1 Qc7 15. Bb4 e5 16. Nb3 Bf8 17. Qg5 f6 18. Qh4 Kg7 19. Rd3 b6 20. g4 Bxb4 21. cxb4 Nf8 22. Rc1 Qe7 23. Nd2 Be6 24. Ne4 Red8 25. g5 f5 26. Nf6 Rxd3 27. exd3 Rd8 28. a3 Kh8 29. Qg3 Qd6 30. Rc6 Qd4 31. Qh3 Qxd3 32. Qh6 Bd7 33. Rc7 1/2-1/2

[Event "Memorial Zita 2019"]
[Site "Prague"]
[Date "2019.06.26"]
[Round "6.2"]
[White "Frolov, Artur"]
[Black "Novy, Filip"]
[Result "1-0"]
[ECO "B41"]
[WhiteElo "2453"]
[BlackElo "2170"]
[Annotator "ChessBase"]
[PlyCount "39"]
[EventDate "2019.06.23"]
[EventType "tourn"]
[EventCountry "CZE"]
[SourceTitle "playchess.com"]
[Source "ChessBase"]
[SourceQuality "1"]
[TimeControl "5400+30"]

1. d4 Nf6 2. c4 c5 3. Nf3 e6 4. Nc3 cxd4 5. Nxd4 a6 6. e4 d6 7. Be2 Be7 8. Be3 Qc7 9. Rc1 O-O 10. O-O b6 11. f4 Bb7 12. Bf3 Nbd7 13. f5 Nc5 14. fxe6 Ncxe4 15. Nd5 Bxd5 16. cxd5 Qb7 17. Rc6 fxe6 18. Nxe6 Rfc8 19. Bxe4 Nxe4 20. Qg4 1-0

[Event "Memorial Zita 2019"]
[Site "Prague"]
[Date "2019.06.26"]
[Round "6.3"]
[White "Semenova, Elena"]
[Black "Kiss, Pal"]
[Result "1/2-1/2"]
[ECO "B27"]
[WhiteElo "2255"]
[BlackElo "2278"]
[Annotator "NA"]
[PlyCount "94"]
[EventDate "2019.06.23"]
[EventType "tourn"]
[EventCountry "CZE"]
[SourceTitle "playchess.com"]
[Source "ChessBase"]
[SourceQuality "1"]
[TimeControl "5400+30"]

1. e4 c5 2. Nf3 g6 3. d4 Bg7 4. dxc5 Qa5+ 5. c3 Qxc5 6. Na3 Qa5 7. Nc4 Qc7 8. Ne3 Nc6 9. Nd5 Qd8 10. Bg5 d6 11. Qd2 h6 12. Bh4 g5 13. Bg3 e6 14. Ne3 Nf6 15. Nc4 Nxe4 16. Nxd6+ Nxd6 17. Qxd6 Qxd6 18. Bxd6 Bf8 19. Bxf8 Rxf8 20. O-O-O Bd7 21. Be2 Ke7 22. Rhe1 Rfd8 23. h4 f6 24. g3 Rac8 25. Rh1 Rh8 26. Rh2 g4 27. Ne1 Ne5 28. Nd3 Nxd3+ 29. Rxd3 Bb5 30. Re3 Bxe2 31. Rxe2 h5 32. Rh1 Rhd8 33. Rhe1 Rc6 34. Re4 e5 35. Kc2 Ke6 36. Ra4 a6 37. Rb4 Rd7 38. Rd1 Rxd1 39. Kxd1 b5 40. Ke2 Rc4 41. Rxc4 bxc4 42. b4 f5 43. Ke3 Kd5 44. a4 Kc6 45. Ke2 Kb6 46. f3 gxf3+ 47. Kxf3 Kc6 {[%emt 0:02:50] Ke4} 1/2-1/2

[Event "Memorial Zita 2019"]
[Site "Prague"]
[Date "2019.06.26"]
[Round "6.4"]
[White "Pribylova, Sofie"]
[Black "Fedorov, Evgueny"]
[Result "0-1"]
[ECO "B03"]
[WhiteElo "2069"]
[BlackElo "2250"]
[Annotator "NA"]
[PlyCount "70"]
[EventDate "2019.06.23"]
[EventType "tourn"]
[EventCountry "CZE"]
[SourceTitle "playchess.com"]
[Source "ChessBase"]
[SourceQuality "1"]
[TimeControl "5400+30"]

1. e4 Nf6 2. e5 Nd5 3. c4 Nb6 4. d4 d6 5. f4 g6 6. Be3 Bg7 7. Nc3 Be6 8. Qb3 a5 9. a4 Na6 10. Nf3 O-O 11. Be2 Nb4 12. Na2 Na6 13. O-O Bd7 14. Nc3 Nb4 15. Qd1 Bf5 16. Rc1 dxe5 17. fxe5 c6 18. Qd2 Qc7 19. Bh6 Rad8 20. Nh4 Be6 21. Bxg7 Kxg7 22. Qf4 Nxc4 23. Rf3 Qb6 24. Bxc4 Bxc4 25. Rd1 Be6 26. g4 Kh8 27. Rh3 Rg8 28. Qh6 Rg7 29. Ne2 Bxg4 30. Rg3 Bxe2 31. Nf5 Rdg8 32. Nxg7 Bxd1 33. Qf4 Rxg7 34. e6 f6 35. Qb8+ Rg8 0-1